 Dungeon Crawl Stone Soup version 0.31-a0-188-g5e087ee2ca (webtiles) character file.

Game seed: 11094171702817168217

292 qw the Skirmisher (level 6, -1/34 HPs)
             Began as a Deep Elf Hunter on June 23, 2023.
             Succumbed to a scorpion's poison
             ... on level 4 of the Dungeon.
             The game lasted 00:00:58 (3003 turns).

qw the Skirmisher (Deep Elf Hunter)                 Turns: 3003, Time: 00:00:58

Health: -1/34      AC:  3    Str: 10    XL:     6   Next: 10%
Magic:  2/8        EV: 13    Int: 14    God:
Gold:   208        SH:  0    Dex: 18    Spells: 5/5 levels left

rFire   . . .        Y - +0 shortbow
rCold   + . .        (shield currently unavailable)
rNeg    . . .        c - +0 leather armour
rPois   .            (no helmet)
rElec   .            (no cloak)
rCorr   .            (no gloves)
SInv    .            (no boots)
Will    .....        i - amulet of guardian spirit
Stlth   ++           d - ring of protection from cold
HPRegen 0.25/turn    (no ring)
MPRegen 0.11/turn

%: guardian spirit
@: lethally poisoned (-1 -> -12)
A: no striking features
a: no special abilities


You were on level 4 of the Dungeon.
You visited 1 branch of the dungeon, and saw 4 of its levels.

You collected 208 gold pieces.


   Skills:
 + Level 1.5 Fighting
 - Level 9.0 Ranged Weapons
 - Level 4.1 Dodging
 - Level 1.2 Stealth


You had 5 spell levels left.
You didn't know any spells.
Your spell library was empty.

Inventory:

Hand Weapons
 Y - a +0 shortbow (weapon)
Armour
 c - a +0 leather armour (worn)
Jewellery
 d - a ring of protection from cold (left hand)
 h - a ring of fire
 i - an amulet of guardian spirit (around neck)
Scrolls
 e - a scroll of teleportation
 f - a scroll of identify
Potions
 a - a potion of mutation {unknown}
 b - 2 potions of might {unknown}
 g - a potion of magic {unknown}
 j - 2 potions of curing
 k - a potion of berserk rage {unknown}

Dungeon Overview and Level Annotations

Branches:
Dungeon (4/15)
 Temple: D:4-7

Altars:
Dithmenos


Message History

Enter note:
Enter note:
Enter note: You shoot an arrow.
The arrow barely misses the scorpion.
You shoot an arrow. The arrow hits the scorpion.
The scorpion is lightly wounded.
You shoot an arrow. The arrow barely misses the scorpion.
2996 ||| READING 3 scrolls of teleportation.
As you read the scroll of teleportation, it crumbles to dust.
You feel strangely unstable.
You shoot an arrow.
The arrow hits the scorpion but does no damage.
The scorpion is lightly wounded.
The scorpion misses you.
You shoot an arrow. The arrow hits the scorpion.
The scorpion is moderately wounded.
Your surroundings seem slightly different.
The scorpion stings you.
2999 ||| READING 2 scrolls of teleportation.
As you read the scroll of teleportation, it crumbles to dust.
You feel strangely unstable. The scorpion misses you.
You shoot an arrow. The arrow hits the scorpion.
The scorpion is moderately wounded.
The scorpion stings you but does no damage.
You shoot an arrow.
The arrow hits the scorpion but does no damage.
The scorpion is moderately wounded.
The scorpion misses you.
You shoot an arrow.
The arrow hits the scorpion but does no damage.
The scorpion is moderately wounded.
The scorpion stings you!
You are lethally poisoned!
The scorpion poisons you!
You shoot an arrow.
The arrow hits the scorpion but does no damage.
The scorpion is moderately wounded.
Your surroundings suddenly seem different.
You die...

#.........#...............
#.........#...............
#.........######..........
#....s....# #..........
#.........# #..........
#........(# #..........
#.........# #..........
#####...### #..........
#...+@# #..........
#...#.######.#####'###
#..................#
#...#####.#####.# #...#
#.######### ....#
#.......... ##..#
########### ...#


There were no monsters in sight!

Vanquished Creatures
  An ice beast (D:4)
  An ogre (D:4)
  A sleepcap (D:3)
  An adder (D:4)
  2 dart slugs
  4 bats
  7 endoplasms
  4 giant cockroaches (D:1)
  10 goblins
  5 hobgoblins
  5 jackals (D:1)
  5 kobolds
  3 quokkas
  7 ball pythons
  2 frilled lizards (D:1)
  6 rats
64 creatures vanquished.

Notes
Turn   | Place    | Note
-------+----------+-------------------------------------------
     0 | D:1      | qw the Deep Elf Hunter began the quest for the Orb.
     0 | D:1      | Reached XP level 1. HP: 12/12 MP: 3/3
     0 | D:1      | 0 ||| qw: Version: 0.3-a-9-g12657ce
     0 | D:1      | 0 ||| qw: Game counter: 3344
     0 | D:1      | 0 ||| qw: Always use a shield: true
     0 | D:1      | 0 ||| qw: God list: Okawaru
     0 | D:1      | 0 ||| qw: Allow faded altars: false
     0 | D:1      | 0 ||| qw: Do Orc after D:15 true
     0 | D:1      | 0 ||| qw: Do second Lair branch before Depths: true
     0 | D:1      | 0 ||| qw: Lair rune preference: random
     0 | D:1      | 0 ||| qw: Plans: Normal
     0 | D:1      | 0 ||| PLANNING D:1-11
   244 | D:1      | Reached skill level 6 in Ranged Weapons
   244 | D:1      | Reached XP level 2. HP: 16/16 MP: 4/4
   970 | D:1      | 970 ||| UPGRADING to amulet of guardian spirit.
   975 | D:1      | 975 ||| READING scroll labelled JYGUSMEN VYVI.
   976 | D:1      | 976 ||| READING 2 scrolls labelled DINOQE PINILU.
   980 | D:1      | 980 ||| READING 2 scrolls labelled ICWEEKH VIAJEMMA.
   981 | D:1      | 981 ||| READING scroll labelled PYUSYGROIPT.
   982 | D:1      | 982 ||| DROPPING scroll of butterflies.
  1104 | D:2      | Reached XP level 3. HP: 20/20 MP: 5/5
  1264 | D:2      | 1264 ||| DROPPING +2 antimagic sling.
  1512 | D:2      | Reached skill level 7 in Ranged Weapons
  1566 | D:2      | 1566 ||| UPGRADING to ring of protection from cold.
  1567 | D:2      | 1567 ||| READING scroll labelled WIFORRAROE.
  1568 | D:2      | 1568 ||| READING scroll labelled FIYRHECI XAOST.
  1569 | D:2      | 1569 ||| READING scroll labelled VINAHAA YGAQ.
  1570 | D:2      | 1570 ||| DRINKING 2 white potions.
  1571 | D:2      | 1571 ||| READING 2 scrolls of identify.
  1571 | D:2      | 1571 ||| IDENTIFYING orange potion
  1572 | D:2      | 1572 ||| DROPPING potion of attraction.
  1742 | D:3      | Reached XP level 4. HP: 12/25 MP: 2/6
  2705 | D:4      | Noticed an ice beast
  2726 | D:4      | Killed an ice beast
  2727 | D:4      | Reached skill level 9 in Ranged Weapons
  2727 | D:4      | Reached XP level 5. HP: 18/29 MP: 4/7
  2806 | D:4      | Found a shadowy altar of Dithmenos.
  2979 | D:4      | Noticed an ogre
  2986 | D:4      | Killed an ogre
  2987 | D:4      | Reached XP level 6. HP: 11/34 MP: 3/8
  2989 | D:4      | HP: 8/34 [goblin/+0 dagger (1)]
  2990 | D:4      | 2990 ||| READING 4 scrolls of teleportation.
  2996 | D:4      | 2996 ||| READING 3 scrolls of teleportation.
  2998 | D:4      | HP: 7/34 [scorpion (2)]
  2999 | D:4      | 2999 ||| READING 2 scrolls of teleportation.
  3002 | D:4      | HP: 2/34 [scorpion (6)]
  3003 | D:4      | Succumbed to a scorpion's poison

Levels and vault maps discovered:
D:1:      roderic_crop_circles_arrival_small, layout_loops_corners
D:2:      layout_basic
D:3:      layout_loops_corners, chequers_serial_rivers_room_b,
          kennysheep_generic_room_8
D:4:      layout_basic, kennysheep_mini_moat, nicolae_dithmenos_the_darkroom

Skill      XL: |  1  2  3  4  5 |
---------------+----------------+-----
Ranged Weapons | 6 7 9 |  9.0
Dodging        | 4 |  4.1
Fighting       | |  1.5
Stealth        | |  1.2

Action                     |  1- 3 |  4- 6 || total
---------------------------+-------+-------++-------
   Fire: Shortbow          |    98 |    91 ||   189
    Use: Scroll            |     8 |     3 ||    11
         Potion            |     1 |       ||     1
 Armour: Leather armour    |     6 |     7 ||    13
  Dodge: Dodged            |    19 |    23 ||    42

Table legend:
 A = Non-vault XP
 B = Vault XP
 C = Vault XP percentage of total XP
 D = Non-vault monster count
 E = Vault monster count
 F = Vault count percentage of total count
                 A         B        C        D         E       F
            +---------+---------+-------+---------+---------+-------
      Total |     417 |       1 |   0.2 |      63 |       1 |   1.6
            +---------+---------+-------+---------+---------+-------
        D:1 |      38 |       0 |   0.0 |      22 |       0 |   0.0
        D:2 |      27 |       0 |   0.0 |      16 |       0 |   0.0
        D:3 |      51 |       1 |   1.9 |       8 |       1 |  11.1
        D:4 |     301 |       0 |   0.0 |      17 |       0 |   0.0
            +---------+---------+-------+---------+---------+-------
